cohdb
Replays
Latest Replays
All Replays
Popular Replays
Top Player Replays
Match Explorer
How It Works
Community
CoH3 Stats
Reddit
Sign in to upload your games and track your stats! →
Sign in with Steam
Match 41868911
Unlisted
Match 41868911
Overview
Messages
Build Orders
End
Construct Infanterie Kompanie
Pioneer Squad
Pioneer Squad
MG 42 Machine Gun Team
Selects Luftwaffe Battlegroup
GrW 34 Mortar Team
GrW 34 Mortar Team
Medical Station
Construct Panzergrenadier Kompanie
Support Elements
Selects Stuka Strafing Run
Selects Fallschirmjäger Squad Paradrop
Fallschirmjäger Squad Paradrop
Stuka Strafing Run
Nebelwerfer 42 Rocket Launcher Team
StuG III G Assault Gun
Fallschirmjäger Squad Paradrop
Stuka Strafing Run
Pioneer Squad
Phönix
impe riunn
سَۨفُـيٰانۨوٰس
mohamedkerdaoui
0
0
Comments
sign in to comment!
No comments posted yet!